 Dungeon Crawl Stone Soup version 0.28.0-45-g0d030f2227 (webtiles) character file.

Game seed: 17210985872287944142

1256 MalarOregon the Skirmisher (level 8, -1/64 (68) HPs)
             Began as a Palentonga Fighter on Apr 19, 2022.
             Was an Initiate of Makhleb.
             Killed from afar by a white imp (14 damage)
             ... with a puff of frost
             ... on level 6 of the Dungeon.
             The game lasted 00:10:21 (5412 turns).

MalarOregon the Skirmisher (Palentonga Fighter)     Turns: 5412, Time: 00:10:21

HP:   -1/64 (68)    AC:  0    Str: 20    XL:     8   Next: 26%
MP:   8/8           EV: 17    Int: 11    God:    Makhleb [......]
Gold: 104           SH:  0    Dex: 14    Spells: 7/7 levels left

rFire   . . .      SeeInvis +   (weapon currently unavailable)
rCold   . . .      Faith    .   (shield currently unavailable)
rNeg    . . .      Spirit   .   (armour currently unavailable)
rPois   .          Reflect  .   (helmet currently unavailable)
rElec   .          Harm     .   (cloak currently unavailable)
rCorr   .          Rampage  .   (gloves currently unavailable)
Will    .....                   (no barding)
Stlth   +.........              (no amulet)
HPRegen 0.20/turn               (ring currently unavailable)
MPRegen 0.11/turn               (ring currently unavailable)

@: bat-form, flying, drained, curled up, very quick
A: fast, flying, no casting, tiny, rugged brown scales 3, see invisible,
(deformed body), (roll 1), (armoured tail), (reflexive curl)
a: Renounce Religion


You were on level 6 of the Dungeon.
You worshipped Makhleb.
Makhleb was noncommittal.
You were a bat.
You visited 1 branch of the dungeon, and saw 6 of its levels.

You collected 247 gold pieces.
You spent 143 gold pieces at shops.


Innate Abilities, Weirdness & Mutations

You are a bat.
You are tiny and dextrous.
You move quickly.
You are flying.
Your equipment is almost entirely melded.
You are incapable of wielding weapons or throwing items.
You cannot cast spells.
(You are completely covered in rugged brown scales. (AC +3, +7% HP))
You have supernaturally acute eyesight. (SInv)
((Armour fits poorly on your strangely shaped body.))
((You can roll at nearby foes to attack.))
((You have a long armoured tail.))
((You curl defensively after being hit. (AC +7*)))


   Skills:
 + Level 5.8 Fighting
 + Level 5.3 Axes
 + Level 4.8 Armour
 + Level 4.8 Shields


You had 7 spell levels left.
You didn't know any spells.
Your spell library contained the following spells:

 Spells                   Type           Power      Damage    Failure   Level
 Slow                     Hex            0%         N/A       34%         1
 Confusing Touch          Hex            0%         N/A       71%         3
 Ignite Poison            Fire/Tmut/Pois 0%         N/A       71%         3
 Mephitic Cloud           Conj/Pois/Air  0%         N/A       71%         3
 Vampiric Draining        Necr           0%         2d6       71%         3
 Freezing Cloud           Conj/Ice/Air   0%         6-21      100%        5

Inventory:

Hand Weapons
 a - a +2 dagger of venom (melded)
   (You took it off a kobold on level 1 of the Dungeon)
 b - a +2 dagger of holy wrath
   (You took it off a goblin on level 3 of the Dungeon)
 o - a +0 whip of draining
   (You took it off an orc on level 3 of the Dungeon)
 t - a +1 vorpal flail
   (You took it off an orc on level 3 of the Dungeon)
 A - a +1 vorpal war axe
   (You bought it in a shop on level 4 of the Dungeon)
 C - a +2 short sword of draining
   (You took it off Duvessa on level 5 of the Dungeon)
Missiles
 h - 20 stones
 m - 7 boomerangs
 q - 6 poisoned darts
Armour
 c - a +0 buckler (melded)
 f - a +0 troll leather armour (melded)
   (You found it on level 4 of the Dungeon)
 y - a +0 pair of gloves (melded)
   (You found it on level 4 of the Dungeon)
 B - an orb of energy
   (You found it on level 5 of the Dungeon)
Magical Staves
 g - a staff of fire
   (You found it on level 1 of the Dungeon)
Jewellery
 j - a ring of willpower (melded)
   (You found it on level 1 of the Dungeon)
 x - a ring of magical power (melded)
   (You found it on level 4 of the Dungeon)
Wands
 p - a wand of polymorph (12)
   (You took it off a goblin on level 3 of the Dungeon)
Scrolls
 e - 3 scrolls of identify {unknown}
 l - a scroll of amnesia {unknown}
 n - a scroll of torment {unknown}
 s - a scroll of blinking {unknown}
 z - a scroll of noise {unknown}
 E - a scroll of vulnerability {unknown}
 F - a scroll of enchant weapon {unknown}
Potions
 d - a potion of might
 i - 4 potions of heal wounds {unknown}
 k - 2 potions of resistance {unknown}
 r - a potion of curing {unknown}
 u - a potion of haste {unknown}
 v - a potion of cancellation {unknown}
 w - a potion of berserk rage {unknown}
 D - a potion of ambrosia {unknown}

Dungeon Overview and Level Annotations

Branches:
Dungeon (6/15)
 Temple: D:4-7

Altars:
Makhleb
Vehumet
Xom
Yredelemnul

Shops:
D:4 (

Annotations:
D:6 Eustachio

....... ..#
.......>. ...#
........# ##.?..
........##......
................
#........5......
.......5n@.....#
.......Zbr(.....
#.(#..rZ5b..##.
#...b...##
#.......#
#............
#...........##.
##.........##
#...........
.............


You could see Eustachio (very poisoned), a necrophage, a river rat (summoned), a
white imp, 2 ufetubi, 2 centaur warrior zombies, 2 bats and a rat (summoned).


Message History

You block the centaur warrior zombie's attack.
The centaur warrior zombie completely misses you.
Eustachio hits you but does no damage.
You feel drained. The white imp gestures at you. The puff of frost hits you.
You barely miss the white imp. The bat barely misses you.
The centaur warrior zombie hits you!
The centaur warrior zombie kicks you but does no damage.
You block Eustachio's attack.
The river rat bites you but does no damage.
The white imp misses you.
The centaur warrior zombie barely misses you.
The centaur warrior zombie kicks you but does no damage.
You hit Eustachio. The bat hits you but does no damage.
The river rat bites you but does no damage.
The river rat bites you.
Eustachio casts a spell.
The centaur warrior zombie closely misses you.
The centaur warrior zombie barely misses you.
The white imp hits you but does no damage.
You barely miss the white imp.
The river rat disappears in a puff of smoke! x2
The centaur warrior zombie hits you.
You block the centaur warrior zombie's attack.
Eustachio screams, "This atrocity can only be purified with blood!"
Eustachio closely misses you. The bat hits you but does no damage.
The river rat bites you but does no damage.
The white imp hits you but does no damage.
You block the bat's attack.
You closely miss the white imp. The bat hits you. You block the bat's attack.
The bat hits you but does no damage.
The centaur warrior zombie hits you but does no damage.
The centaur warrior zombie kicks you but does no damage.
The river rat bites you but does no damage.
Eustachio hits you with a +2 rapier of draining.
You feel drained. You block the white imp's attack.
You hit the white imp but do no damage.
The centaur warrior zombie hits you but does no damage.
The centaur warrior zombie kicks you but does no damage.
The bat barely misses you. The centaur warrior zombie hits you.
* * * LOW HITPOINT WARNING * * *
You block the centaur warrior zombie's attack.
Eustachio zaps a wand.
You resist with almost no effort. The river rat barely misses you.
The white imp barely misses you. The centaur warrior zombie hits you!
* * * LOW HITPOINT WARNING * * *
The centaur warrior zombie kicks you but does no damage.
Unknown command.
You hit Eustachio but do no damage. You tail-slap Eustachio.
The bat hits you but does no damage.
The centaur warrior zombie closely misses you.
The centaur warrior zombie kicks you but does no damage.
The centaur warrior zombie hits you.
* * * LOW HITPOINT WARNING * * *
The centaur warrior zombie closely misses you.
The river rat bites you but does no damage.
The necrophage hits you.
* * * LOW HITPOINT WARNING * * *
You feel drained.
Eustachio mumbles some strange words.
The white imp closely misses you. The bat barely misses you.
Unknown command.
You barely miss the white imp.
You block the centaur warrior zombie's attack.
The centaur warrior zombie kicks you but does no damage.
The bat hits you but does no damage. The centaur warrior zombie hits you.
* * * LOW HITPOINT WARNING * * *
The centaur warrior zombie kicks you but does no damage.
The necrophage hits you but does no damage.
You block the river rat's attack. Eustachio hits you but does no damage.
You feel drained.
The centaur warrior zombie hits you but does no damage.
The centaur warrior zombie kicks you but does no damage.
The white imp closely misses you. The bat hits you but does no damage.
You closely miss the white imp. The bat closely misses you.
The centaur warrior zombie hits you.
* * * LOW HITPOINT WARNING * * *
The centaur warrior zombie kicks you but does no damage.
The ufetubus barely misses you.
The ufetubus hits you but does no damage.
The centaur warrior zombie hits you.
* * * LOW HITPOINT WARNING * * *
The centaur warrior zombie barely misses you.
The necrophage hits you but does no damage.
You block the river rat's attack.
Eustachio zaps a wand.
You turn into a bat.
Your +2 dagger of venom melds into your body.
Your +0 pair of gloves melds into your body.
Your +0 buckler melds into your body.
Your +0 troll leather armour melds into your body.
Your ring of willpower melds into your body.
Your ring of magical power melds into your body.
Your +2 dagger of venom stops dripping with poison.
You feel your magic capacity decrease. The white imp gestures at you.
The puff of frost hits you!
You die...

Skill      XL: |  1  2  3  4  5  6  7 |
---------------+----------------------+-----
Shields        | 3 4 |  4.8
Armour         | 3 4 |  4.8
Fighting       | 4 5 |  5.8
Axes           | 3 4 5 |  5.3

Action                   |  1- 3 |  4- 6 |  7- 9 || total
-------------------------+-------+-------+-------++-------
Melee: War axe           |    13 |       |       ||    13
       Tailslap          |     9 |    31 |    20 ||    60
       Dagger            |    66 |   240 |    99 ||   405
 Abil: Rolling Charge    |       |     5 |     2 ||     7
Armor: Scale mail        |    36 |    92 |       ||   128
       Troll leather arm |       |    22 |    83 ||   105
Dodge: Dodged            |    23 |    94 |    54 ||   171
Block: Buckler           |    13 |    57 |    29 ||    99

Levels and vault maps discovered:
D:1:      ncdulo_halloftheorcs, layout_basic
D:2:      layout_basic, basic_ecumenical_altar, uniq_jessica
D:3:      minmay_wonky_spiral, layout_rooms
D:4:      layout_basic, mainiacjoe_overflow_brackets, serial_shops,
          shop_fountains
D:5:      layout_basic, general_overflow_altar, makhleb_heckhound_becter,
          nicolae_vehumet_altar_sigil, ebering_ghost_reflecting_pool,
          minmay_misc_feat_more_columns, uniq_duvessa
D:6:      layout_cave_pools, chequers_big_river, uniq_eustachio

Notes
Turn   | Place    | Note
-------+----------+-------------------------------------------
     0 | D:1      | MalarOregon the Palentonga Fighter began the quest for the
                  | Orb.
     0 | D:1      | Reached XP level 1. HP: 19/19 MP: 1/1
   103 | D:1      | Reached XP level 2. HP: 21/25 MP: 2/2
   745 | D:1      | Reached XP level 3. HP: 24/31 MP: 3/3
  1005 | D:2      | Noticed Jessica
  1018 | D:2      | Killed Jessica
  1019 | D:2      | Reached XP level 4. HP: 27/38 MP: 4/4
  1142 | D:2      | Found a faded altar of an unknown god.
  1309 | D:2      | Reached skill level 3 in Shields
  1314 | D:2      | HP: 9/39 [poisoned by an adder]
  1815 | D:3      | Reached skill level 3 in Armour
  1815 | D:3      | Noticed a sky beast
  1828 | D:3      | HP: 7/39 [sky beast (6)]
  1839 | D:3      | HP: 7/39 [sky beast (1)]
  1839 | D:3      | HP: 1/39 [sky beast (6)]
  1843 | D:2      | Killed a sky beast
  1844 | D:2      | Reached skill level 4 in Fighting
  1844 | D:2      | Reached skill level 3 in Axes
  1844 | D:2      | Reached XP level 5. HP: 2/44 MP: 5/5
  3128 | D:3      | Reached XP level 6. HP: 48/48 MP: 6/6
  3434 | D:4      | Found a basalt altar of Yredelemnul.
  3473 | D:4      | You pick up a book of Debilitation and begin reading...
  3473 | D:4      | You add the spells Slow, Vampiric Draining and Confusing
                  | Touch to your library.
  3791 | D:4      | Found Laopt's Antique Weapon Boutique.
  3991 | D:4      | Bought a runed war axe for 143 gold pieces
  4452 | D:5      | Entered Level 5 of the Dungeon
  4494 | D:5      | Reached skill level 4 in Axes
  4517 | D:5      | Found a runed translucent door.
  4534 | D:5      | Gained mutation: You curl defensively after being hit. (AC
                  | +7*) [Palentonga growth]
  4534 | D:5      | Reached XP level 7. HP: 56/58 MP: 7/7
  4548 | D:5      | Noticed Duvessa
  4548 | D:5      | Noticed Dowan
  4577 | D:4      | Reached skill level 4 in Armour
  4577 | D:4      | Reached skill level 4 in Shields
  4601 | D:5      | Killed Duvessa
  4602 | D:5      | Reached skill level 5 in Fighting
  4711 | D:4      | Killed Dowan
  4924 | D:5      | Found a shimmering altar of Xom.
  5005 | D:5      | Found a radiant altar of Vehumet.
  5017 | D:5      | Reached skill level 5 in Axes
  5017 | D:5      | Reached XP level 8. HP: 56/67 MP: 8/8
  5141 | D:5      | You add the spells Ignite Poison, Mephitic Cloud and
                  | Freezing Cloud to your library.
  5199 | D:5      | Found a burning altar of Makhleb.
  5207 | D:5      | Became a worshipper of Makhleb the Destroyer
  5311 | D:5      | Noticed Raspi's ghost (amateur DsBr)
  5335 | D:5      | Killed Raspi's ghost
  5392 | D:6      | Noticed Eustachio
  5412 | D:6      | HP: 13/64 [centaur warrior zombie (4)]
  5412 | D:6      | Killed from afar by a white imp

Vanquished Creatures
  The ghost of Raspi the Sneak, an amateur DsBr (D:5)
  Duvessa (D:5)
  An ice beast (D:5)
  A sky beast (D:2)
  2 ogres (D:4)
  Dowan (D:4)
  A water moccasin skeleton (D:5)
  2 bullfrog skeletons
  2 hounds (D:5)
  An orc priest (D:3)
  Jessica (D:2)
  3 centaur skeletons
  An iguana (D:5)
  An orc wizard (D:4)
  A killer bee zombie (D:5)
  6 adders
  An ufetubus (D:6)
  2 adder skeletons (D:4)
  2 worms
  5 dart slugs
  12 orcs
  4 ball pythons
  7 endoplasms
  2 giant cockroaches
  6 goblins
  6 hobgoblins
  8 jackals
  6 kobolds
  4 quokkas (D:4)
  7 bats
  3 frilled lizards
  11 rats
112 creatures vanquished.

Table legend:
 A = Non-vault XP
 B = Vault XP
 C = Vault XP percentage of total XP
 D = Non-vault monster count
 E = Vault monster count
 F = Vault count percentage of total count
                 A         B        C        D         E       F
            +---------+---------+-------+---------+---------+-------
      Total |    1216 |     579 |  32.3 |     105 |       7 |   6.2
            +---------+---------+-------+---------+---------+-------
        D:1 |      45 |       0 |   0.0 |      28 |       0 |   0.0
        D:2 |     180 |      37 |  17.1 |      18 |       1 |   5.3
        D:3 |     114 |       5 |   4.2 |      22 |       2 |   8.3
        D:4 |     484 |      69 |  12.5 |      29 |       1 |   3.3
        D:5 |     385 |     468 |  54.9 |       7 |       3 |  30.0
        D:6 |       8 |       0 |   0.0 |       1 |       0 |   0.0
            +---------+---------+-------+---------+---------+-------

Illustrated notes

Table legend:
 A = Kills in this place as a percentage of kills in entire the game.
 B = Kills by you in this place as a percentage of kills by you in the entire game.
 C = Kills by friends in this place as a percentage of kills by friends in the entire game.
 D = Other kills in this place as a percentage of other kills in the entire game.
 E = Experience gained in this place as a percentage of experience gained in the entire game.
 F = Experience gained in this place divided by the number of levels of this place that you have seen.
                   A       B       C       D       E      F
               +-------+-------+-------+-------+-------+----------------------
         Total | 100.0 | 100.0 |   N/A |   N/A | 100.0 | 299.2
       Dungeon | 100.0 | 100.0 |   N/A |   N/A | 100.0 | 299.2
               +-------+-------+-------+-------+-------+----------------------

Table legend: (Time is in decaauts)
 A = Elapsed time spent in this place.
 B = Non-inter-level travel time spent in this place.
 C = Inter-level travel time spent in this place.
 D = Time resting spent in this place.
 E = Time spent auto-exploring this place.
 F = Levels seen in this place.
 G = Mean time per level.
                   A        B        C        D        E       F      G
               +--------+--------+--------+--------+--------+-----+--------+
         Total |   5431 |   5273 |    158 |    904 |   3375 |   6 |  905.2 |
       Dungeon |   5431 |   5273 |    158 |    904 |   3375 |   6 |  905.2 |
               +--------+--------+--------+--------+--------+-----+--------+

Top non-repeatable levels by time:
     D:4: 1397 daAuts
     D:2: 1331 daAuts
     D:3: 984 daAuts
     D:1: 892 daAuts
     D:5: 805 daAuts
     D:6: 20 daAuts
